 Dungeon Crawl Stone Soup version 0.22-a0-525-gf69a080 (webtiles) character file.

31 Amnesiac the Chiller (level 3, 0/36 HPs)
             Began as a Barachi Ice Elementalist on June 21, 2018.
             Slain by a hornet zombie (2 damage)
             ... on level 2 of the Dungeon.
             The game lasted 00:02:37 (908 turns).

Amnesiac the Chiller (Barachi Ice Elementalist)      Turns: 908, Time: 00:02:38

Health: 0/36       AC: 27    Str:  9    XL:     3   Next: 22%
Magic:  4/7        EV:  2    Int: 16    God:
Gold:   63         SH:  0    Dex: 12    Spells: 4/8 levels left

rFire    . . .     SeeInvis .   (no weapon)
rCold    . . .     Gourm    .   (no shield)
rNeg     + + +     Faith    .   (armour currently unavailable)
rPois    +         Spirit   .   (helmet currently unavailable)
rElec    .         Reflect  .   (cloak currently unavailable)
rCorr    .         Harm     .   (gloves currently unavailable)
MR       .....     NoTele   +   (boots currently unavailable)
Stlth    ++........             (no amulet)
HPRegen  0.12/turn              (no ring)
MPRegen  0.10/turn              (no ring)

@: icy armour, tree-form, can't hop
A: +LOS, swims
a: no special abilities


You were on level 2 of the Dungeon.
You were hungry.
You were a tree.
You visited 1 branch of the dungeon, and saw 2 of its levels.

You collected 63 gold pieces.

Inventory:

Armour
 a - a +0 robe (melded)
Comestibles
 c - 3 rations


   Skills:
 - Level 2.1 Dodging
 - Level 1.7 Stealth
 + Level 3.0 Spellcasting
   Level 1.1 Conjurations
 * Level 4.5 Ice Magic


You had 4 spell levels left.
You knew the following spells:

 Your Spells              Type           Power        Failure   Level  Hunger
a - Freeze                Ice            ###.         3%          1    #......
b - Ozocubu's Armour      Chrm/Ice       #.......     22%         3    ###....

Your spell library contained the following spells:

 Spells                   Type           Power        Failure   Level  Hunger
 Throw Frost              Conj/Ice       ##....       9%          2    ##.....
 Summon Ice Beast         Ice/Summ       #.......     58%         4    #####..
 Throw Icicle             Conj/Ice       ##......     52%         4    #####..


Dungeon Overview and Level Annotations

Branches:
Dungeon (2/15)

Altars:
Okawaru


Innate Abilities, Weirdness & Mutations

Shadows flee at your approach. (+LOS)
You can swim through water.
((You cover ground slowly.))
((You can hop short distances.))


Message History

Found a ration.
A rat is nearby!
A rat is nearby!
Casting: Freeze (safe; 3% risk of failure)
Confirm with . or Enter, or press ? or * to list all spells.
Aiming: Freeze (safe; 3% risk of failure)
Press: ? - help, Shift-Dir - straight line, f - rat
Aim: a rat You freeze the rat.
You kill the rat!
Your Spellcasting skill increases to level 3!
Casting: Freeze (safe; 3% risk of failure)
Confirm with . or Enter, or press ? or * to list all spells.
You can't see any susceptible monsters within range! (Use Z to cast anyway.)
c - 3 rations (gained 1) Magic restored.
All of the chunks of flesh in your inventory have rotted away.
You now have 63 gold pieces (gained 9).
A giant cockroach comes into view.
A giant cockroach is nearby!
A giant cockroach is nearby!
A hornet zombie comes into view.
The hornet zombie moves out of view.
Casting: Freeze (safe; 3% risk of failure)
Confirm with . or Enter, or press ? or * to list all spells.
Aiming: Freeze (safe; 3% risk of failure)
Press: ? - help, Shift-Dir - straight line, f - giant cockroach
Aim: a giant cockroach (clinging)
You freeze the giant cockroach.
You kill the giant cockroach!
The hornet zombie hits you.
Found 22 stones.
The hornet zombie hits you!
* * * LOW HITPOINT WARNING * * *
The hornet zombie hits you.
* * * LOW HITPOINT WARNING * * *
Really read
e - a scroll labeled GUTITE EGIXAHI {!r}?
As you read the scroll labeled GUTITE EGIXAHI {!r}, it crumbles to dust.
It is a scroll of identify.
b - a potion of lignification {!q} The hornet zombie hits you!
* * * LOW HITPOINT WARNING * * *
Okay, then.
Hop to where?
Press: ? - help, Dir - move target cursor Boing!
Okay, then.
Really quaff
b - a potion of lignification {!q}?
Okay, then.
Really quaff
b - a potion of lignification {!q}?
You turn into a tree.
Your roots penetrate the ground.
You aren't carrying any potions.
Casting: Freeze (safe; 3% risk of failure)
Confirm with . or Enter, or press ? or * to list all spells.
A film of ice covers your body!
You are feeling hungry.
You barely miss the hornet zombie.
The hornet zombie hits you but does no damage.
The hornet zombie hits you.
* * * LOW HITPOINT WARNING * * *
You hit the hornet zombie.
The hornet zombie is lightly damaged.
The hornet zombie hits you.
You die...

######...# ..
#........# ..#
#.##.#...# ..
#.##.##.###.#.#
#.##.##......#
#.##(##...###.#
#.##.##.###
#Z##.##.#
#♣##.##.#####.##
#.##.##.........
#.
#.##.##.##.###..
#. #.# ##.##.# #..
... #.....# #.#
### #..#### #.#
##### #..# #.#
##...## #..#
#.#####.###.###..#


You could see a hornet zombie.

Vanquished Creatures
  An adder (D:2)
  A dart slug (D:1)
  A leopard gecko (D:2)
  3 giant cockroaches
  A hobgoblin (D:2)
  2 jackals (D:1)
  3 bats
  3 frilled lizards
  2 kobolds
  2 rats (D:2)
19 creatures vanquished.

Notes
Turn   | Place    | Note
-------+----------+-------------------------------------------
     0 | D:1      | Amnesiac the Barachi Ice Elementalist began the quest for the Orb.
     0 | D:1      | Reached XP level 1. HP: 13/13 MP: 3/3
   283 | D:1      | Reached XP level 2. HP: 15/19 MP: 1/5
   459 | D:2      | Reached skill level 4 in Ice Magic
   630 | D:2      | Found an iron altar of Okawaru.
   663 | D:2      | Reached XP level 3. HP: 8/24 MP: 2/7
   668 | D:2      | Learned a level 3 spell: Ozocubu's Armour
   907 | D:2      | HP: 1/36 [hornet zombie (2)]
   908 | D:2      | Slain by a hornet zombie

Vault maps used:
D:1:      dpeg_arrival_brainrot, corexii_hall_statues_x, st_stairs_13
D:2:      overflow_temple_1_default, uniq_crazy_yiuf_cottage

Skill      XL: |  1  2  3 |
---------------+----------+-----
Ice Magic      | 4 |  4.5
Spellcasting   | 3 |  3.0
Dodging        | |  2.1
Stealth        | |  1.7
Conjurations   | |  1.1

Action                   || total
-------------------------++-------
Melee: Unarmed           ||    11
 Cast: Freeze            ||    29
       Ozocubu's Armour  ||     1
 Abil: Hop               ||     1
  Use: Scroll            ||     1
       Potion            ||     1
Armor: Robe              ||     9
       Skin              ||     1
Dodge: Dodged            ||    30

Table legend:
 A = Spawn XP
 B = Non-spawn XP
 C = Spawn XP percentage of total XP
 D = Spawn monster count
 E = Non-spawn monster count
 F = Spawn count percentage of total count
 G = Total turns spent on level
                    A         B        C        D         E        F      G
               +---------+---------+-------+---------+---------+-------+---------
         Total |       0 |      45 |   0.0 |       0 |      19 |   0.0 |   908
               +---------+---------+-------+---------+---------+-------+---------
           D:1 |       0 |      13 |   0.0 |       0 |       7 |   0.0 |   424
           D:2 |       0 |      32 |   0.0 |       0 |      12 |   0.0 |   484
               +---------+---------+-------+---------+---------+-------+---------
